 Dungeon Crawl Stone Soup version 0.28-a0-664-gc179e30c89 (webtiles) character file.

Game seed: 1693062107067468833

181 ytrimaz the Skirmisher (level 5, -3/43 HPs)
             Began as a Formicid Fighter on Oct 15, 2021.
             Slain by an ice beast (10 damage)
             ... on level 5 of the Dungeon.
             The game lasted 00:02:02 (2187 turns).

ytrimaz the Skirmisher (Formicid Fighter)           Turns: 2187, Time: 00:02:03

Health: -3/43      AC:  8    Str: 21    XL:     5   Next: 92%
Magic:  5/5        EV:  9    Int:  8    God:
Gold:   194        SH:  4    Dex: 10    Spells: 4/4 levels left

rFire   . . .      SeeInvis +   a - +0 war axe
rCold   . . .      Faith    .   c - +0 buckler
rNeg    . . .      Spirit   .   b - +0 scale mail
rPois   .          Reflect  .   (helmet unavailable)
rElec   .          Harm     .   (no cloak)
rCorr   .          Rampage  .   i - +0 pair of gloves
Will    .....                   (no boots)
Stlth   ..........              (no amulet)
HPRegen 0.14/turn               (no ring)
MPRegen 0.09/turn               (no ring)

@: no status effects
A: permanent stasis, dig shafts and tunnels, antennae 3, four strong arms
a: Dig, Shaft Self


You were on level 5 of the Dungeon.
You visited 1 branch of the dungeon, and saw 4 of its levels.

You collected 194 gold pieces.

Inventory:

Hand Weapons
 a - a +0 war axe (weapon)
Armour
 b - a +0 scale mail (worn)
 c - a +0 buckler (worn)
 i - a +0 pair of gloves (worn)
Scrolls
 f - a scroll of immolation {unknown}
 h - a scroll of teleportation {unknown}
 j - 2 scrolls of identify {unknown}
 k - a scroll of enchant armour {unknown}
Potions
 e - 2 potions of flight {unknown}
 g - 2 potions of attraction {unknown}
 l - a potion of heal wounds {unknown}


   Skills:
 * Level 4.3 Fighting
 * Level 4.2 Axes
 + Level 3.9 Armour
 + Level 4.1 Shields


You had 4 spell levels left.
You didn't know any spells.
Your spell library was empty.

Dungeon Overview and Level Annotations

Branches:
Dungeon (3/15)

Altars:


Innate Abilities, Weirdness & Mutations

You cannot be hasted, slowed, berserked, paralysed or teleported.
You can dig through walls and to a lower floor.
You have a pair of large antennae on your head. (SInv)
Your four strong arms can wield two-handed weapons with a shield.


Message History

Unknown command.
You start resting.
You feel a little less mighty now.
You start resting.
A bullfrog zombie comes into view.
There is a stone staircase leading down here.
The bullfrog zombie closely misses you.
You hit the bullfrog zombie but do no damage.
The bullfrog zombie hits you.
You slash the bullfrog zombie!
The bullfrog zombie is moderately damaged.
The bullfrog zombie barely misses you. The bullfrog zombie closely misses you.
You slash the bullfrog zombie!
The bullfrog zombie is severely damaged.
The bullfrog zombie hits you but does no damage. x2
You closely miss the bullfrog zombie.
The bullfrog zombie is severely damaged.
The bullfrog zombie closely misses you.
You slash the bullfrog zombie!
You destroy the bullfrog zombie!
An ice beast comes into view.
An ice beast is nearby!
There is a stone staircase leading down here.
An ice beast is nearby!
Unknown command.
Okay, then.
The ice beast barely misses you.
You closely miss the ice beast.
The ice beast hits you but does no damage.
The ice beast hits you. The ice beast freezes you!
You hit the ice beast.
The ice beast is moderately wounded.
The ice beast hits you. The ice beast freezes you!
* * * LOW HITPOINT WARNING * * *
You barely miss the ice beast.
The ice beast is moderately wounded.
The ice beast hits you.
* * * LOW HITPOINT WARNING * * *
The ice beast freezes you!
You die...

###########
############........<.
{
#(.....@Y..>.#####....
#.############ #
#####.# #.....#
####### { {


You could see an ice beast.

Vanquished Creatures
  A wyvern skeleton (D:5)
  A jelly (D:5)
  A bullfrog zombie (D:5)
  2 adders (D:2)
  An ufetubus (D:5)
  A worm (D:2)
  2 dart slugs (D:2)
  4 ball pythons
  A bat (D:2)
  4 endoplasms
  A giant cockroach (D:1)
  2 goblins
  2 hobgoblins (D:1)
  6 jackals
  2 quokkas
  3 frilled lizards (D:1)
  5 kobolds (D:1)
  A quokka skeleton (D:2)
  3 rats
43 creatures vanquished.

Vanquished Creatures (others)
  3 fungi (D:3)
  3 toadstools (D:3)
6 creatures vanquished.

Grand Total: 49 creatures vanquished

Notes
Turn   | Place    | Note
-------+----------+-------------------------------------------
     0 | D:1      | ytrimaz the Formicid Fighter began the quest for the Orb.
     0 | D:1      | Reached XP level 1. HP: 18/18 MP: 1/1
   172 | D:1      | Reached XP level 2. HP: 23/24 MP: 2/2
   832 | D:1      | Found a faded altar of an unknown god.
   930 | D:2      | Reached XP level 3. HP: 23/30 MP: 3/3
  1368 | D:2      | Reached XP level 4. HP: 36/37 MP: 4/4
  2024 | D:3      | You fall into a shaft and drop 2 floors!
  2024 | D:5      | Entered Level 5 of the Dungeon
  2069 | D:5      | Reached XP level 5. HP: 20/42 MP: 5/5
  2172 | D:5      | Noticed an ice beast
  2187 | D:5      | Slain by an ice beast

Illustrated notes

Levels and vault maps discovered:
D:1:      denvon_arrival_planthouse, layout_loops_ring,
          shapermc_ecumenical_altar_hornbeckon, minmay_fountain_box
D:2:      layout_basic, item_on_display_a
D:3:      layout_basic, gammafunk_temple_overflow_statue,
          chequers_decorated_corner, serial_bayou_pond_d,
          minmay_gold_behind_fungi, item_on_display_a
D:5:      layout_rooms, grunt_temple_overflow_gold_and_silver, uniq_ijyb

Skill      XL: |  1  2  3  4  5 |
---------------+----------------+-----
Fighting       | 4 |  4.3
Axes           | 3 4 |  4.2
Shields        | 4 |  4.1
Armour         | |  3.9

Action                   |  1- 3 |  4- 6 || total
-------------------------+-------+-------++-------
Melee: War axe           |    84 |    42 ||   126
  Use: Potion            |       |     1 ||     1
Armor: Scale mail        |    39 |    22 ||    61
Dodge: Dodged            |    44 |    29 ||    73
Block: Buckler           |    21 |    11 ||    32

Table legend: (Time is in decaauts)
 A = Elapsed time spent in this place.
 B = Non-inter-level travel time spent in this place.
 C = Inter-level travel time spent in this place.
 D = Time resting spent in this place.
 E = Time spent auto-exploring this place.
 F = Levels seen in this place.
 G = Mean time per level.
                   A        B        C        D        E       F      G
               +--------+--------+--------+--------+--------+-----+--------+
         Total |   2237 |   2196 |     41 |     88 |   1647 |   4 |  559.2 |
       Dungeon |   2237 |   2196 |     41 |     88 |   1647 |   4 |  559.2 |
               +--------+--------+--------+--------+--------+-----+--------+

Top non-repeatable levels by time:
     D:1: 947 daAuts
     D:2: 868 daAuts
     D:3: 252 daAuts
     D:5: 170 daAuts
